 Dungeon Crawl Stone Soup version 0.27.0-1-g7a089689b8 (webtiles) character file.

Game seed: 7407532309146860049

290 horus123 the Chiller (level 6, -1/32 HPs)
             Began as a Deep Elf Ice Elementalist on Aug 13, 2021.
             Slain by a water moccasin (8 damage)
             ... on level 4 of the Dungeon.
             The game lasted 00:07:50 (3561 turns).

horus123 the Chiller (Deep Elf Ice Elementalist)    Turns: 3561, Time: 00:07:51

Health: -1/32      AC:  9    Str:  5    XL:     6   Next: 9%
Magic:  1/16       EV:  9    Int: 22    God:
Gold:   161        SH:  0    Dex: 15    Spells: 4/15 levels left

rFire    . . .     SeeInvis .   k - +2 rapier (venom)
rCold    . . .     Faith    .   (no shield)
rNeg     . . .     Spirit   .   a - +0 robe
rPois    .         Reflect  .   (no helmet)
rElec    .         Harm     .   (no cloak)
rCorr    .         Rampage  .   (no gloves)
Will     .....                  (no boots)
Stlth    ++........             (no amulet)
HPRegen  0.10/turn              (no ring)
MPRegen  0.15/turn              (no ring)

@: lethally poisoned (-1 -> -4), ice-armoured, constricted
A: no striking features
a: no special abilities


You were on level 4 of the Dungeon.
You visited 1 branch of the dungeon, and saw 4 of its levels.

You collected 161 gold pieces.

Inventory:

Hand Weapons
 e - a +1 dagger of flaming
 k - a +2 rapier of venom (weapon)
Armour
 a - a +0 robe (worn)
Magical Staves
 d - a staff of poison
Scrolls
 b - a scroll of summoning {unknown}
 h - a scroll of blinking
 j - a scroll of vulnerability {unknown}
Potions
 c - a potion of heal wounds {unknown}
 f - a potion of degeneration
 g - 3 potions of magic {unknown}
 i - a potion of haste {unknown}
 l - a potion of lignification {unknown}


   Skills:
 + Level 0.2 Fighting
 + Level 2.6 Dodging
 + Level 2.5 Stealth
 + Level 5.4 Spellcasting
 * Level 0.6 Conjurations
 * Level 6.9 Ice Magic


You had 4 spell levels left.
You knew the following spells:

 Your Spells              Type           Power      Damage    Failure   Level
a - Freeze                Ice            100%       1d11      1%          1
b - Frozen Ramparts       Ice            72%        1d9       1%          3
c - Ozocubu's Armour      Ice            36%        N/A       1%          3
d - Hailstorm             Conj/Ice       22%        3d7       21%         4

Your spell library contained the following spells:

 Spells                   Type           Power      Damage    Failure   Level


Dungeon Overview and Level Annotations

Branches:
Dungeon (4/15)
 Temple: D:4-7

Altars:
Cheibriados
Okawaru

Shops:
D:2 [   D:3 *:[[(


Message History

You feel sick.
The water moccasin bites you but does no damage.
The ball python bites you but does no damage.
The ball python barely misses you.
The wall freezes the iguana.
The iguana seems to slow down.
The iguana barely misses you.
You are too injured to fight recklessly!
You are too injured to fight recklessly!
Aiming: Freeze (safe; 1% risk of failure)
Press: ? - help, Q - select action, (/) - cycle Shift-Dir - straight line, f - water moccasin
Aim: a water moccasin (heavily wounded, slow)
You freeze the water moccasin.
The water moccasin is severely wounded.
You feel sick. The ball python closely misses you. The ball python misses you.
The water moccasin bites you.
* * * LOW HITPOINT WARNING * * *
The wall freezes the iguana!
You kill the iguana!
You have reached level 6!
Your experience leads to an increase in your attributes!
Increase (S)trength, (I)ntelligence, or (D)exterity?
You feel clever.
Aiming: Freeze (safe; 1% risk of failure)
Press: ? - help, Q - select action, (/) - cycle Shift-Dir - straight line, f/p - water moccasin
Aim: a water moccasin (severely wounded, slow)
You freeze the water moccasin.
The water moccasin is severely wounded.
The water moccasin seems to slow down.
You feel sick.
The ball python bites you but does no damage.
The ball python grabs you. The ball python constricts you.
The water moccasin bites you but does no damage.
The ball python closely misses you. The ball python constricts you.
Aiming: Freeze (safe; 1% risk of failure)
Press: ? - help, Q - select action, (/) - cycle Shift-Dir - straight line, f/p - water moccasin
Aim: a water moccasin (severely wounded, slow)
You freeze the water moccasin.
The water moccasin is almost dead.
The water moccasin seems to slow down.
The frozen ramparts melt away.
You feel sick. The water moccasin bites you!
You die...

#.>........... #
##...######### .#
###<.###### .#
##......#####.####
######....#......
######...#
.........########.
#..####......!....
.....#.#@S......
####...#.S......
##...........
##.#........
...........
##.#........
..##.......
.......


You could see a water moccasin (slow) and a ball python.

Vanquished Creatures
  A necrophage (D:3)
  An iguana (D:4)
  A gnoll (D:1)
  8 adders
  3 worms (D:2)
  An orc (D:3)
  8 ball pythons
  4 endoplasms
  5 giant cockroaches
  7 goblins
  9 hobgoblins
  6 jackals
  5 kobolds
  4 quokkas
  6 bats
  3 frilled lizards
  11 rats
83 creatures vanquished.

Notes
Turn   | Place    | Note
-------+----------+-------------------------------------------
     0 | D:1      | horus123 the Deep Elf Ice Elementalist began the quest for
                  | the Orb.
     0 | D:1      | Reached XP level 1. HP: 10/10 MP: 6/6
   223 | D:1      | Reached XP level 2. HP: 11/15 MP: 4/8
   402 | D:1      | Reached skill level 5 in Ice Magic
   538 | D:1      | Reached XP level 3. HP: 19/19 MP: 7/9
   693 | D:1      | Learned a level 3 spell: Frozen Ramparts
   697 | D:1      | Learned a level 3 spell: Ozocubu's Armour
   802 | D:1      | Found a faded altar of an unknown god.
   807 | D:1      | Got Plato's Disquisition on Ice
  1284 | D:2      | Found Bypaif's Armour Shop.
  1809 | D:2      | Reached XP level 4. HP: 20/24 MP: 7/11
  1917 | D:2      | Reached skill level 6 in Ice Magic
  2085 | D:2      | Found an iron altar of Okawaru.
  2651 | D:3      | Found Beshruudd's Antique Armour Boutique.
  2679 | D:3      | Noticed a necrophage
  2693 | D:3      | Killed a necrophage
  2694 | D:3      | Reached skill level 5 in Spellcasting
  2694 | D:3      | Reached XP level 5. HP: 26/28 MP: 2/14
  2833 | D:3      | Learned a level 4 spell: Hailstorm
  3159 | D:3      | Found Xaecesy's Book Shop.
  3180 | D:3      | Found a snail-covered altar of Cheibriados.
  3256 | D:3      | Found Cityno's Assorted Antiques.
  3305 | D:3      | Found Ogugasys's Armour Shoppe.
  3344 | D:3      | Found Tothrest's Antique Weapon Shop.
  3550 | D:4      | Noticed a water moccasin
  3560 | D:4      | Reached XP level 6. HP: 9/32 MP: 3/16
  3561 | D:4      | Slain by a water moccasin

Illustrated notes

Levels and vault maps discovered:
D:1:      mrwooster_arrival_arrow, layout_loops_ring,
          shapermc_ecumenical_altar_rom_forum
D:2:      layout_loops_cross, serial_shops, shop_statue, basic_altar,
          minmay_octomino_c4
D:3:      layout_rooms, cheibriados_altar_1, serial_shops,
          nicolae_lakefront_shop, shop, shop, nicolae_shop_trees,
          nicolae_shop_trees, kennysheep_generic_room_4
D:4:      layout_rooms, mainiacjoe_overflow_brackets, lemuel_another_geyser

Skill      XL: |  1  2  3  4 |
---------------+-------------+-----
Ice Magic      | 5 6 |  6.9
Spellcasting   | 5 |  5.4
Fighting       | |  0.2
Dodging        | |  2.6
Stealth        | |  2.5
Conjurations   | |  0.6

Action                   |  1- 3 |  4- 6 || total
-------------------------+-------+-------++-------
Melee: Unarmed           |     2 |       ||     2
       Staff             |     2 |     3 ||     5
       Rapier            |       |     5 ||     5
 Cast: Freeze            |    55 |    65 ||   120
       Frozen Ramparts   |     5 |     3 ||     8
       Ozocubu's Armour  |       |     2 ||     2
  Use: Scroll            |     3 |     3 ||     6
 Stab: Sleeping          |       |     1 ||     1
Armor: Robe              |     4 |    15 ||    19
Dodge: Dodged            |    18 |    42 ||    60
